 Dungeon Crawl Stone Soup version 0.30.0-5-g1a98f26d00 (webtiles) character file.

Game seed: 4054647074494822732

268066 ProzacElf the Fetichist (level 19, -7/155 HPs)
             Began as a Demonspawn Reaver on May 9, 2023.
             Was a High Priest of Lugonu.
             Mangled by a +1 flail of pain (8 damage)
             ... animated by Zenata
             ... on level 1 of the Vaults on May 10, 2023.
             The game lasted 02:04:12 (36233 turns).

ProzacElf the Fetichist (Demonspawn Reaver)        Turns: 36233, Time: 02:04:13

Health: -7/155     AC: 30    Str: 19    XL:     19   Next: 36%
Magic:  36/39      EV: 21    Int: 11    God:    Lugonu [*****.]
Gold:   2154       SH:  6    Dex: 12    Spells: 21/22 levels left

rFire   + + +        a - +8 broad axe (distort)
rCold   . . .        I - +1 buckler {rF+}
rNeg    + + .        h - +8 pearl dragon scales
rPois   +            o - +3 hat "Corchuzin" {Rampage rElec rF++ rN+ Int-5}
rElec   +            n - +0 cloak {rPois}
rCorr   .            (gloves unavailable)
SInv    +            B - +0 pair of boots
Will    +++++        f - amulet of regeneration Stlth
                     Z - ring of Iroliy {Will+++ MP+9 SInv Stlth-}
HPRegen 1.25/turn    m - ring of Akhla {EV+5 Stlth+, =R}
MPRegen 0.26/turn

%: rampage
@: mighty, agile, hasted, very quick
A: antennae 2, claws 3, foul stench 2, powered by pain 3, demonic willpower,
weakness stinger 2
}: 2/15 runes: decaying, gossamer
a: Renounce Religion, Depart the Abyss, Banish, Corrupt, Enter the Abyss


You were on level 1 of the Vaults.
You worshipped Lugonu.
Lugonu was extremely pleased with you.
You visited 6 branches of the dungeon, and saw 31 of its levels.
You visited the Abyss 1 time.
You also visited: Ossuary, Bailey and Volcano.

You collected 4351 gold pieces.
You spent 2197 gold pieces at shops.

Inventory:

Hand Weapons
 a - a +8 broad axe of distortion (weapon)
 b - a +0 broad axe of flaming
Missiles
 k - 33 boomerangs (quivered)
 M - 6 silver javelins
 R - a throwing net
Armour
 h - +8 pearl dragon scales (worn)
 n - a +0 cloak of poison resistance (worn)
 o - the +3 hat "Corchuzin" (worn) {Rampage rElec rF++ rN+ Int-5}
   (You acquired it on level 6 of the Dungeon)

   Int:       It affects your intelligence (-5).
   rF:        It greatly protects you from fire.
   rElec:     It insulates you from electricity.
   rN:        It protects you from negative energy.
   Rampage:   It bestows one free step when moving towards enemies.
 B - a +0 pair of boots (worn)
 I - a +1 buckler of fire resistance (worn)
Jewellery
 f - an amulet of regeneration (around neck)
 m - the ring of Akhla (right claw) {EV+5 Stlth+, =R}
   (You acquired it on level 6 of the Dungeon)

   [ring of evasion]

   EV:        It affects your evasion (+5).
   Stlth:     It makes you more stealthy.
 y - a ring of ice
 A - a ring of fire
 N - a +4 ring of protection
 Z - the ring of Iroliy (left claw) {Will+++ MP+9 SInv Stlth-}
   (You took it off a spriggan on level 5 of the Lair of Beasts)

   [ring of see invisible]

   MP:        It affects your magic capacity (+9).
   SInv:      It lets you see invisible.
   Will:      It greatly increases your willpower.
   Stlth:     It makes you less stealthy.
Wands
 t - a wand of flame (35)
 u - a wand of polymorph (10)
 v - a wand of light (13)
 C - a wand of mindburst (26)
 L - a wand of charming (27)
 V - a wand of roots (13)
Scrolls
 d - 13 scrolls of teleportation
 l - 7 scrolls of poison
 D - 2 scrolls of fear
 E - 8 scrolls of identify
 F - 4 scrolls of summoning
 H - 5 scrolls of vulnerability
 P - a scroll of immolation
 W - a scroll of fog
 Y - 3 scrolls of magic mapping
Potions
 g - 2 potions of invisibility
 i - 2 potions of heal wounds
 j - 9 potions of mutation
 q - 7 potions of lignification
 r - 4 potions of haste
 s - 16 potions of curing
 w - 3 potions of attraction
 x - 4 potions of resistance
 z - a potion of magic
 G - 6 potions of ambrosia {!e}
 J - a potion of cancellation
 K - a potion of berserk rage
 Q - a potion of might
 T - 4 potions of flight
Miscellaneous
 e - a condenser vane (inert)
 O - a lightning rod (4/4) {!a}
 X - a phantom mirror


   Skills:
 - Level 15.0 Fighting
 - Level 3.0 Long Blades
 - Level 16.0 Axes
 + Level 13.3 Armour
 - Level 5.0 Dodging
 - Level 5.0 Shields
 - Level 10.0 Unarmed Combat
 - Level 2.0 Spellcasting
 - Level 3.0 Conjurations
 - Level 15.0 Invocations
 + Level 16.9 Evocations


You had 21 spell levels left.
You knew the following spells:

 Your Spells              Type           Power      Damage    Failure   Level
a - Kiss of Death         Conj/Necr      16%        2d6       45%         1

Your spell library contained the following spells:

 Spells                   Type           Power      Damage    Failure   Level
 Magic Dart               Conj           28%        1d4       28%         1
 Searing Ray              Conj           14%        2d5       38%         2
 Foxfire                  Conj/Fire      16%        2x1d4     45%         1
 Momentum Strike          Conj/Tloc      8%         3d8       61%         2
 Apportation              Tloc           2%         N/A       67%         1
 Necrotise                Necr           4%         1d4       67%         1
 Sting                    Tmut/Pois      4%         1d3       67%         1
 Summon Small Mammal      Summ           4%         N/A       67%         1
 Cigotuvi's Dreadful Rot  Necr/Pois/Air  2%         N/A       82%         2
 Lesser Beckoning         Tloc           2%         N/A       82%         2
 Poisonous Vapours        Pois/Air       2%         N/A       82%         2
 Scorch                   Fire           2%         2d5       82%         2
 Dazzling Flash           Conj/Hex       8%         N/A       83%         3
 Hailstorm                Conj/Ice       4%         3d4       83%         3
 Stone Arrow              Conj/Erth      8%         3d7       83%         3
 Mephitic Cloud           Conj/Pois/Air  3%         N/A       88%         3
 Gell's Gravitas          Tloc           1%         N/A       96%         3
 Inner Flame              Hex/Fire       1%         N/A       96%         3
 Teleport Other           Tloc           1%         N/A       96%         3
 Vhi's Electric Charge    Tloc/Air       2%         N/A       96%         3
 Volatile Blastmotes      Fire/Tloc      2%         2d10      96%         3
 Flame Wave               Conj/Fire      4%         2d5       99%         4
 Fulminant Prism          Conj/Hex       2%         3d5       99%         4
 Iskenderun's Mystic Bla  Conj/Tloc      4%         2d3       99%         4
 Sticky Flame             Conj/Fire      4%         2d3       99%         4
 Animate Armour           Summ/Erth      2%         N/A       100%        4
 Dispel Undead            Necr           1%         3d6       100%        4
 Ice Form                 Ice/Tmut       1%         N/A       100%        4
 Olgreb's Toxic Radiance  Pois           1%         N/A       100%        4
 Petrify                  Tmut/Erth      1%         N/A       100%        4
 Summon Ice Beast         Ice/Summ       1%         N/A       100%        4
 Agony                    Necr           1%         N/A       100%        5
 Alistair's Intoxication  Tmut/Pois      0%         N/A       100%        5
 Arcjolt                  Conj/Air       2%         1d12      100%        5
 Borgnjor's Vile Clutch   Necr/Erth      0%         N/A       100%        5
 Fireball                 Conj/Fire      2%         3d4       100%        5
 Freezing Cloud           Conj/Ice/Air   1%         6-21      100%        5
 Lee's Rapid Deconstruct  Erth           0%         3d4*      100%        5
 Metabolic Englaciation   Hex/Ice        0%         N/A       100%        5
 Silence                  Hex/Air        0%         N/A       100%        5
 Summon Mana Viper        Hex/Summ       1%         N/A       100%        5
 Yara's Violent Unravell  Hex/Tmut       0%         3d3       100%        5
 Death Channel            Necr           0%         N/A       100%        6
 Eringya's Noxious Bog    Tmut/Pois      0%         N/A       100%        6
 Plasma Beam              Fire/Air       0%         2x1d11    100%        6
 Simulacrum               Ice/Necr       0%         N/A       100%        6
 Starburst                Conj/Fire      2%         6d3       100%        6
 Statue Form              Tmut/Erth      0%         N/A       100%        6
 Summon Cactus Giant      Summ           0%         N/A       100%        6
 Enfeeble                 Hex            0%         N/A       100%        7
 Monstrous Menagerie      Summ           0%         N/A       100%        7
 Infestation              Necr           0%         N/A       100%        8
 Lehudib's Crystal Spear  Conj/Erth      2%         10d2      100%        8
 Maxwell's Capacitive Co  Air            0%         ∞         100%        8
 Death's Door             Necr           0%         N/A       100%        9


Dungeon Overview and Level Annotations

Branches:
Dungeon (15/15)            Temple (0/1) D:4            Lair (5/5) D:11
  Swamp (4/4) Lair:3       Spider (4/4) Lair:3        Slime (0/5) Lair:4
    Orc (2/2) D:9             Elf (0/3) Orc:2        Vaults (1/5) D:14
 Depths (0/4) D:15        Ossuary (visited)          Bailey (visited)
Volcano (visited)

Altars:
Ashenzari
Cheibriados
Dithmenos
Fedhas
Hepliaklqana
Kikubaaqudgha
Nemelex Xobeh
Qazlal
Ru
Sif Muna
Uskayaw
Vehumet
Wu Jian
Xom
Yredelemnul
Jiyva
Lugonu

Shops:
D:4 *   D:10 *   Orc:2 !([[*

Portals:
Abyss: Lair:5
Trove: D:12 (give 7 scrolls of fog)

Annotations:
Swamp:1 Roxanne
Orc:2 corrupted
Vaults:1 Zenata
Abyss:1 Jorgrun, Josephine, Urug


Innate Abilities, Weirdness & Mutations

You have a pair of antennae on your head.
You have claws for hands.
You sometimes emit foul miasma when damaged in melee.
You are powered by pain.
You punish those that try to bend your will. (Will+)
You have a tail ending in a sharp stinger.


Message History

* * * LOW HITPOINT WARNIN'
* * * Ye emit a cloud o' foul miasma!
Tha +2 glaive o' distortion hits ye!
* * * LOW HITPOINT WARNIN'
* * * Ye blink.
Ye take 46 damage, an' haf 31/155 hp.
MASSIVE DAMAGE!!
Ye now haf 35/39 mp.
Okay, than.
Ye feel yerself speed up.
Tha +1 dire flail o' protection hits ye but does nay damage.
Tha +1 dire flail o' protection closely misses ye.
Tha +5 heavy war axe hits ye.
* * * LOW HITPOINT WARNIN'
* * * Tha +1 dire flail o' protection hits ye.
* * * LOW HITPOINT WARNIN'
* * * Ye take 9 damage, an' haf 22/155 hp.
Tha +1 dire flail o' protection attacks as ye move away!
Tha +1 dire flail o' protection completely misses ye.
Zenata be nay longer blind.
Tha +2 glaive o' distortion misses ye.
Zenata sends weapons flyin' inta battle!
Okay, than.
Ye feel much better.
Tha +1 flail o' protection disappears in a puff o' smoke!
Tha +5 heavy war axe hits ye but does nay damage.
Tha +1 dire flail o' protection barely misses ye.
Tha +1 flail o' pain hits ye but does nay damage.
Tha +2 glaive o' distortion hits ye from afar!!
* * * LOW HITPOINT WARNIN'
* * * Ye focus on tha pain.
Ye feel mightier all o' a sudd'n.
Space warps around ye.
* * * LOW HITPOINT WARNIN'
* * * Tha +1 dire flail o' protection hits ye.
* * * LOW HITPOINT WARNIN'
* * * Tha +2 glaive o' flamin' hits ye but does nay damage.
Ye take 11 damage, an' haf 12/155 hp.
Tha +0 heavy war axe disappears in a puff o' smoke!
Tha +2 glaive o' flamin' completely misses ye.
Tha +5 heavy war axe hits ye!
* * * LOW HITPOINT WARNIN'
* * * Tha +1 flail o' pain hits ye!
Ye die...

#........ #........
##############.........
#.......§....#.........
#............#.......#######
#.....°..(...#.......#......
#.......°a(((#.......#......
#.........(@)'.......#...∩†.
#.........(..#.......#......
##############.......#..†...
#.......#...).. #.......#......
###################.......#....}.
..........................#######
.................................
........(........................


You could see Zenata (misshapen) and 6 dancing weapons.

Vanquished Creatures
  Nikola (Spider:1)
  Kirke (Lair:5)
  A fenstrider witch (Swamp:2)
  6 emperor scorpions (Spider:4)
  Louise (D:15)
  A vault warden (Vaults:1)
  3 ghost moths
  A broodmother (Spider:2)
  2 eleionomae
  4 dire elephants (Vaults:1)
  A red draconian (Volcano)
  A spark wasp (shapeshifter) (Lair:5)
  A spark wasp (Spider:3)
  4 bunyips
  Snorg (D:13)
  2 entropy weavers
  2 great orbs of eyes (Vaults:1)
  A shambling mangrove (Swamp:4)
  A yaktaur captain (Vaults:1)
  Fannar (Orc:1)
  11 hydras
  3 vault guards
  A spriggan air mage (Swamp:4)
  5 centaur warriors
  Erica (D:8)
  2 radroaches
  5 boulder beetles
  7 two-headed ogres
  8 death yaks
  A catoblepas (D:14)
  6 alligators
  A tengu warrior (D:14)
  2 thrashing horrors (Lair:5)
  An orc high priest (Orc:2)
  4 skeletal warriors (D:15)
  A deep elf knight (D:14)
  4 goliath frogs
  4 pharaoh ants
  2 skysharks (Lair:5)
  Lodul (D:13)
  A death drake (shapeshifter) (D:15)
  A sun moth (Spider:1)
  3 deep trolls
  2 spriggan druids
  An orb spider (Spider:1)
  6 swamp dragons
  2 lindwurms
  4 orc knights
  2 bunyip skeletons (Swamp:2)
  6 bog bodies
  A deep elf archer (D:14)
  2 necromancers (D:15)
  9 steelbarb worms
  5 ironbound convokers (Vaults:1)
  3 harpies (Vaults:1)
  3 deep elf pyromancers
  2 cyclopes
  4 orc sorcerers
  19 ugly things
  19 wolf spiders
  4 manticores
  3 moths of wrath (Spider:4)
  8 will-o-the-wisps
  Maurice (Orc:1)
  5 elephants (Lair:4)
  2 vault sentinels (Vaults:1)
  2 molten gargoyles (Volcano)
  6 torpor snails
  6 black mambas
  4 demonic crawlers
  9 cane toads
  A gargoyle (D:12)
  4 efreet
  Psyche (D:11)
  6 komodo dragons
  A rime drake (Lair:5)
  2 freezing wraiths (D:14)
  A tengu conjurer (D:14)
  4 ancient zymes (Lair:5)
  2 yaktaurs
  5 tyrant leeches
  A meliai (Spider:4)
  4 polar bears
  A bloated husk (Swamp:2)
  A hornet (shapeshifter) (D:15)
  16 tarantellas
  3 trolls
  6 hornets
  A raiju (shapeshifter) (D:15)
  26 blink frogs
  Prince Ribbit (D:8)
  17 slime creatures
  5 dream sheep (Lair:3)
  14 jumping spiders
  14 culicivoras
  2 shadows (D:9)
  9 spriggans
  10 wraiths
  5 wyverns
  45 yaks
  4 chaos spawn (Lair:5)
  2 hogs (Lair:5)
  2 fire bats (Volcano)
  5 basilisks
  43 redbacks
  3 steam dragons
  10 vampire mosquitoes
  3 wargs
  A large abomination (Lair:5)
  8 swamp worms
  3 acid dragons (D:10)
  12 water moccasins
  Duvessa (D:7)
  4 swamp drakes (Swamp:4)
  A sky beast (D:6)
  2 ice beasts
  29 orc warriors
  13 ogres
  5 black bears
  12 wolves
  A swamp dragon skeleton (Swamp:2)
  12 small abominations (Lair:5)
  13 centaurs
  3 kobold brigands
  A phantom (D:5)
  3 gnoll sergeants
  18 bullfrogs
  14 scorpions
  Dowan (D:7)
  7 killer bees
  A howler monkey (D:5)
  2 electric eels
  10 lava snakes
  11 crimson imps
  3 centaur zombies (Ossuary)
  4 quasits (D:6)
  3 hounds
  4 human zombies
  3 gnoll boudas
  8 jellies
  12 orc priests
  Crazy Yiuf (D:2)
  2 sleepcaps
  7 iguanas
  Ijyb (D:4)
  5 scorpion zombies (Ossuary)
  5 hell rats (Lair:3)
  25 orc wizards
  The ghost of leafyfresh the Covert, a weakling GnDe (D:6)
  3 mummies (Ossuary)
  23 gnolls
  5 adders
  A shadow imp (D:9)
  A white imp (D:9)
  3 ufetubi
  3 worms
  2 dart slugs
  77 orcs
  3 ball pythons
  22 endoplasms
  2 giant cockroaches
  3 gnoll zombies (Ossuary)
  5 goblins
  7 hobgoblins
  5 jackals
  10 kobolds
  2 quokkas
  7 bats
  4 frilled lizards
  2 goblin zombies (Ossuary)
  2 hobgoblin zombies (Ossuary)
  A kobold zombie (Ossuary)
  2 orc zombies (Ossuary)
  7 rats
  A fire vortex (Lair:2)
1006 creatures vanquished.

Vanquished Creatures (others)
  2 centaur warriors
  3 orc sorcerers (Orc:2)
  A hornet (Swamp:1)
  3 bloated husks
  4 orc warriors
  3 humans
  12 orc priests (Orc:2)
  9 orc wizards (Orc:2)
  4 orcs
  29 foxfires
  5 starspawn tentacles (Orc:2)
75 creatures vanquished.

Grand Total: 1081 creatures vanquished

Notes
Turn   | Place    | Note
-------+----------+-------------------------------------------
     0 | D:1      | ProzacElf the Demonspawn Reaver began the quest for the
                  | Orb.
     0 | D:1      | Reached XP level 1. HP: 16/16 MP: 3/3
   255 | D:1      | Reached skill level 1 in Armour
   255 | D:1      | Discovered your monstrous ancestry.
   255 | D:1      | Gained mutation: You have sharp fingernails. [demonic
                  | ancestry]
   255 | D:1      | Reached XP level 2. HP: 22/22 MP: 5/5
   951 | D:2      | Reached skill level 1 in Unarmed Combat
   951 | D:2      | Gained mutation: You have very sharp fingernails. [demonic
                  | ancestry]
   951 | D:2      | Reached XP level 3. HP: 16/27 MP: 6/6
  1302 | D:2      | Found a faded altar of an unknown god.
  1330 | D:2      | Found a runed translucent door.
  1331 | D:2      | Noticed Crazy Yiuf
  1914 | D:2      | Prayed at the altar of an unknown god.
  1914 | D:2      | Became a worshipper of Lugonu the Unformed
  1914 | D:2      | Reached * piety under Lugonu
  2115 | D:3      | Found a snail-covered altar of Cheibriados.
  2413 | D:3      | Reached skill level 1 in Invocations
  2413 | D:3      | Gained mutation: You may rarely emit foul miasma when
                  | damaged in melee. [demonic ancestry]
  2413 | D:3      | Reached XP level 4. HP: 33/33 MP: 7/7
  2474 | D:3      | Found a stormy altar of Qazlal.
  2552 | D:3      | Found a faded altar of an unknown god.
  2682 | D:4      | Found Gusec's Lightly-Used Armoury.
  2756 | D:4      | Found a sparkling altar of Nemelex Xobeh.
  2805 | D:4      | Found a staircase to the Ecumenical Temple.
  2858 | D:4      | Gained mutation: You sometimes gain a little power by
                  | taking damage. [demonic ancestry]
  2858 | D:4      | Reached XP level 5. HP: 38/38 MP: 8/8
  3069 | D:4      | Noticed Ijyb
  3102 | D:4      | Killed Ijyb
  3404 | D:5      | Entered Level 5 of the Dungeon
  3419 | D:5      | Noticed a phantom
  3432 | D:5      | Killed a phantom
  3509 | D:5      | Reached ** piety under Lugonu
  3510 | D:5      | Gained mutation: You have claws for hands. [demonic
                  | ancestry]
  3510 | D:5      | Reached XP level 6. HP: 36/44 MP: 9/9
  3686 | D:5      | Reached skill level 5 in Invocations
  3686 | D:5      | Identified the +7 mace "Joured" {vamp, Will- Str+2 Int+4
                  | Dex+6}
  3802 | D:5      | Reached XP level 7. HP: 43/50 MP: 9/11
  3872 | D:5      | Found a broken altar of Ashenzari.
  3876 | D:5      | Saw a vision of the Swamp and the Spider Nest.
  3876 | D:5      | Noticed a radroach
  3876 | D:5      | Noticed a broodmother
  3876 | D:5      | Noticed a jorogumo
  3876 | D:5      | Noticed a steelbarb worm
  3876 | D:5      | Noticed a culicivora
  3876 | D:5      | Noticed a tarantella
  3876 | D:5      | Noticed a jumping spider
  3876 | D:5      | Noticed a spark wasp
  3876 | D:5      | Noticed a wolf spider
  3877 | D:5      | Noticed a wolf spider
  3878 | D:5      | Noticed a spriggan druid
  3878 | D:5      | Noticed a torpor snail
  3878 | D:5      | Noticed a spriggan druid
  3878 | D:5      | Noticed a goliath frog
  3982 | D:5      | Found a hide-covered altar of Uskayaw.
  4065 | D:5      | Found an ancient bone altar of Kikubaaqudgha.
  4068 | D:5      | Noticed a human
  4070 | D:5      | Killed a human
  4257 | D:5      | Found a shimmering altar of Xom.
  4291 | D:5      | Reached skill level 5 in Unarmed Combat
  4754 | D:6      | Found a transporter.
  4763 | D:6      | Noticed leafyfresh's ghost (weakling GnDe)
  4782 | D:6      | Found a transporter.
  5003 | D:6      | Gained mutation: You have a small tail. [demonic ancestry]
  5003 | D:6      | Reached XP level 8. HP: 56/56 MP: 13/13
  5265 | D:6      | Found a shadowy altar of Dithmenos.
  5299 | D:6      | Noticed a slime creature
  5308 | D:6      | Reached *** piety under Lugonu
  5312 | D:6      | Killed a slime creature
  5382 | D:6      | Identified 3 scrolls of acquirement
  5382 | D:6      | Acquired 961 gold pieces
  5491 | D:6      | Acquired the ring of Akhla {EV+5 Stlth+}
  5494 | D:6      | Acquired the +3 hat "Corchuzin" {Rampage rElec rF++ rN+
                  | Int-5}
  5778 | D:6      | Reached skill level 10 in Invocations
  5799 | D:6      | Killed leafyfresh's ghost
  5800 | D:6      | Gained mutation: You sometimes emit foul miasma when
                  | damaged in melee. [demonic ancestry]
  5800 | D:6      | Reached XP level 9. HP: 61/61 MP: 16/16
  6079 | D:7      | Noticed Dowan
  6079 | D:7      | Noticed Duvessa
  6097 | D:7      | Killed Duvessa
  6105 | D:7      | Killed Dowan
  6149 | D:7      | Reached **** piety under Lugonu
  6467 | D:7      | Found a flagged portal.
  6485 | Bailey   | Entered a bailey
  6770 | Bailey   | Noticed an orc knight
  6771 | Bailey   | Banished an orc knight
  6772 | Bailey   | Reached XP level 10. HP: 61/67 MP: 14/19
  7159 | D:7      | Found a sacrificial altar of Ru.
  7459 | D:8      | Paralysed by a hornet for 3 turns
  7489 | D:8      | Noticed Erica
  7506 | D:8      | Killed Erica
  7509 | D:8      | Found an ornate altar of the Wu Jian Council.
  7851 | D:8      | Found a sand-covered staircase.
  7853 | D:8      | Noticed Prince Ribbit
  7872 | D:8      | Killed Prince Ribbit
  7877 | Ossuary  | Entered an ossuary
  7892 | Ossuary  | Reached skill level 5 in Fighting
  8079 | Ossuary  | Reached skill level 10 in Unarmed Combat
  8336 | D:8      | Noticed a two-headed ogre
  8337 | D:8      | Banished a two-headed ogre
  8622 | D:8      | Found a blossoming altar of Fedhas.
  8702 | D:9      | Noticed Erolcha
  8704 | D:9      | Banished Erolcha
  8705 | D:9      | Reached XP level 11. HP: 86/86 MP: 12/21
  8919 | D:9      | Found a staircase to the Orcish Mines.
  9108 | D:9      | Found a hazy altar of Hepliaklqana.
  9108 | D:9      | Found a basalt altar of Yredelemnul.
  9167 | D:9      | Reached skill level 15 in Invocations
  9189 | D:9      | Reached skill level 10 in Fighting
  9431 | D:9      | Reached skill level 1 in Evocations
  9575 | D:9      | Reached ***** piety under Lugonu
  9938 | D:10     | Entered Level 10 of the Dungeon
  9943 | D:10     | Noticed a two-headed ogre
  9949 | D:10     | Noticed a two-headed ogre
 10110 | D:10     | Banished a two-headed ogre
 10113 | D:10     | Banished a two-headed ogre
 10119 | D:10     | Noticed a two-headed ogre
 10134 | D:10     | Killed a two-headed ogre
 10286 | D:10     | Noticed a two-headed ogre
 10295 | D:10     | Killed a two-headed ogre
 10568 | D:10     | Found a shimmering blue altar of Sif Muna.
 10673 | D:10     | Found a radiant altar of Vehumet.
 10697 | D:10     | Reached skill level 5 in Armour
 10773 | D:10     | Found Middon's General Store.
 10882 | D:10     | Acquired a +1 buckler of fire resistance
 11123 | D:10     | Bought a lightning rod (4/4) for 300 gold pieces
 11123 | D:10     | Bought a scroll of fear for 40 gold pieces
 11412 | D:10     | Noticed Urug
 11420 | D:10     | Banished Urug
 11421 | D:10     | Reached skill level 1 in Axes
 11421 | D:10     | Reached XP level 12. HP: 46/103 MP: 16/23
 11978 | D:11     | Found a staircase to the Lair.
 12014 | D:11     | Noticed a two-headed ogre
 12018 | D:11     | Killed a two-headed ogre
 12054 | D:11     | Noticed Psyche
 12066 | D:11     | Killed Psyche
 12382 | Lair:1   | Entered Level 1 of the Lair of Beasts
 12533 | Lair:1   | Reached skill level 5 in Axes
 12537 | Lair:1   | Reached skill level 5 in Dodging
 13627 | D:4      | Bought -1 pearl dragon scales for 1235 gold pieces
 13880 | Lair:2   | Noticed a death yak
 13973 | Lair:2   | Killed a death yak
 14582 | Lair:3   | Found a hole to the Spider Nest.
 14624 | Lair:3   | Found a dark tunnel.
 14629 | Volcano  | Entered a volcano
 14920 | Volcano  | Found a burning altar of Makhleb.
 14920 | Volcano  | Noticed a centaur warrior
 14921 | Volcano  | Banished a centaur warrior
 14922 | Volcano  | Gained mutation: You have a pair of small antennae on your
                  | head. [demonic ancestry]
 14922 | Volcano  | Reached XP level 13. HP: 96/109 MP: 19/24
 14952 | Volcano  | Noticed a red draconian
 14970 | Volcano  | Killed a red draconian
 15011 | Volcano  | Identified the +1 leather armour "Zallim" {rCorr}
 15067 | Volcano  | Got Egem's Codex of Sciomancy and Blasting
 15500 | Lair:3   | Reached skill level 10 in Axes
 15784 | Lair:3   | Found a staircase to the Swamp.
 16706 | Lair:4   | Reached ****** piety under Lugonu
 16853 | Lair:4   | Identified the +8 halberd "Uweon" {freeze, rPois}
 16899 | Lair:4   | Found a viscous altar of Jiyva.
 17002 | Lair:4   | Found a staircase to the Slime Pits.
 17332 | Lair:5   | Entered Level 5 of the Lair of Beasts
 17371 | Lair:5   | Gained mutation: You have a tail ending in a sharp stinger.
                  | [demonic ancestry]
 17371 | Lair:5   | Reached XP level 14. HP: 100/116 MP: 25/25
 17658 | Lair:5   | Identified the +3 falchion of Pyevvid {freeze, rPois rN+}
 18407 | Lair:5   | Noticed Kirke
 18438 | Lair:5   | Killed Kirke
 18491 | Lair:5   | Identified a +7 broad axe of distortion (a +5 broad axe
                  | corrupted by Lugonu)
 18491 | Lair:5   | Received a gift from Lugonu
 18581 | Lair:5   | Identified the ring of Iroliy {Will+++ MP+9 SInv Stlth-}
 18625 | Lair:5   | Reached skill level 15 in Axes
 18663 | Lair:5   | Found a corrupted altar of Lugonu.
 18663 | Lair:5   | Found a one-way gate to the infinite horrors of the Abyss.
 19188 | Orc:1    | Entered Level 1 of the Orcish Mines
 19268 | Orc:2    | Entered Level 2 of the Orcish Mines
 19268 | Orc:2    | Found a staircase to the Elven Halls.
 19320 | Orc:1    | Reached skill level 5 in Evocations
 19848 | Orc:1    | Noticed Maurice
 19862 | Orc:1    | Noticed Fannar
 19865 | Orc:1    | Killed Maurice
 19878 | Orc:1    | Killed Fannar
 20369 | Orc:2    | Corrupted Orc:2
 20369 | Orc:2    | Noticed a tentacled starspawn
 20761 | Orc:2    | Found Vonon's General Store.
 20761 | Orc:2    | Found Raguemia's Armour Boutique.
 20762 | Orc:2    | Found Revviod's Antique Weapon Shop.
 20766 | Orc:2    | Found Obrulaig's Armour Shop.
 20769 | Orc:2    | Bought a scroll of identify for 28 gold pieces
 20769 | Orc:2    | Bought a potion of curing for 42 gold pieces
 20850 | Orc:2    | Found Mewatt's Distillery.
 20889 | Orc:2    | Bought a potion of curing for 39 gold pieces
 20889 | Orc:2    | Bought a potion of curing for 39 gold pieces
 20889 | Orc:2    | Bought 2 potions of haste for 260 gold pieces
 20889 | Orc:2    | Bought a potion of curing for 39 gold pieces
 20889 | Orc:2    | Bought a potion of heal wounds for 65 gold pieces
 21478 | D:2      | Killed Crazy Yiuf
 21730 | D:12     | Found a portal to a secret trove of treasure.
 21959 | D:12     | Gained mutation: You sometimes gain power by taking damage.
                  | [demonic ancestry]
 21959 | D:12     | Reached XP level 15. HP: 122/122 MP: 26/26
 22879 | D:13     | Noticed Lodul
 22895 | D:13     | Killed Lodul
 23043 | D:13     | Noticed Snorg
 23056 | D:13     | Killed Snorg
 24109 | D:14     | Reached skill level 10 in Evocations
 24125 | D:14     | Found a gate to the Vaults.
 24822 | D:15     | Entered Level 15 of the Dungeon
 25011 | D:15     | Found a staircase to the Depths.
 25231 | D:15     | Noticed Louise
 25252 | D:15     | Killed Louise
 25809 | Spider:1 | Entered Level 1 of the Spider Nest
 25826 | Spider:1 | Gained mutation: You are powered by pain. [demonic
                  | ancestry]
 25826 | Spider:1 | Reached XP level 16. HP: 77/132 MP: 27/27
 26224 | Spider:1 | Noticed Nikola
 26245 | Spider:1 | Killed Nikola
 26613 | Spider:1 | Identified the +6 ring mail of Life {rC+}
 27780 | Spider:2 | Identified the amulet "Varhomemn" {RegenMP Str+4}
 28076 | Spider:2 | Reached skill level 10 in Armour
 28227 | Spider:3 | Reached skill level 15 in Fighting
 28268 | Spider:3 | Reached skill level 1 in Shields
 29486 | Spider:4 | Entered Level 4 of the Spider Nest
 29700 | Spider:4 | Reached skill level 5 in Shields
 30148 | Spider:4 | Gained mutation: You have a pair of antennae on your head.
                  | [demonic ancestry]
 30148 | Spider:4 | Reached XP level 17. HP: 109/142 MP: 28/28
 30652 | Spider:4 | Got a gossamer rune of Zot
 30664 | Spider:4 | Gained mutation: You punish those that try to bend your
                  | will. (Will+) [demonic ancestry]
 30664 | Spider:4 | Reached XP level 18. HP: 149/149 MP: 9/29
 31157 | Swamp:1  | Entered Level 1 of the Swamp
 31261 | Swamp:1  | HP: 3/149 [bunyip[a spriggan druid] (44)]
 31598 | Swamp:1  | Noticed Roxanne
 31697 | Swamp:1  | Noticed Josephine
 31713 | Swamp:1  | Banished Josephine
 32301 | Swamp:2  | Identified the +0 pair of gloves of Uskayaw's Grace {rCorr
                  | Str+3}
 32878 | Swamp:2  | Reached skill level 15 in Evocations
 33234 | Orc:2    | Bought a +0 cloak of poison resistance for 110 gold pieces
 33624 | Swamp:2  | Found an ancient bone altar of Kikubaaqudgha.
 33631 | Swamp:2  | Got the Vellum of the Damned
 33916 | Swamp:3  | Noticed Jorgrun
 33934 | Swamp:3  | Banished Jorgrun
 34309 | Swamp:4  | Entered Level 4 of the Swamp
 34887 | Swamp:4  | Got a decaying rune of Zot
 34918 | Swamp:4  | Reached XP level 19. HP: 82/155 MP: 30/30
 34943 | Swamp:4  | Escaped the Abyss
 35307 | Vaults:1 | Entered Level 1 of the Vaults
 36220 | Vaults:1 | Noticed Zenata
 36233 | Vaults:1 | HP: 1/155 [+5 heavy war axe[Zenata] (12)]
 36233 | Vaults:1 | Mangled by a +1 flail of pain

Illustrated notes

Levels and vault maps discovered:
D:1:      dpeg_arrival_boxorama, layout_basic
D:2:      layout_basic, nicolae_ecumenical_oubliette, uniq_crazy_yiuf_cottage
D:3:      layout_basic, nicolae_overflow_ecumenical_swirl, grunt_qazlal_clouds,
          lemuel_crystal_altar
D:4:      layout_basic, nemelex_spade_bored_becter,
          minmay_temple_entry_mini_moons, kennysheep_small_spiral,
          kennysheep_big_empty_room, minmay_shop_damaged, uniq_ijyb
D:5:      layout_basic, grunt_ashenzari_visionary
          [grunt_ashenzari_visionary_swamp, grunt_ashenzari_visionary_spider],
          tgw_kikubaaqudgha, led_xom_imps, mainiacjoe_overflow_boulevard,
          nicolae_hexahallways, chequers_jeans, minmay_puff
D:6:      lemuel_slime, layout_basic, nicolae_dithmenos_through_a_glass_darkly,
          gammafunk_ghost_stat_death, minmay_misc_feat_x
D:7:      layout_basic, mainiacjoe_overflow_chevrons, enter_bailey_2,
          minmay_misc_feat_rugged, uniq_duvessa
D:8:      layout_loops_cross, fedhas_bush_and_centaur_altar,
          nicolae_wu_jian_immortal_techniques, enter_ossuary_3,
          nrook_mini_backslash, item_on_display_a, uniq_erica,
          uniq_prince_ribbit1
D:9:      layout_roguey, mainiacjoe_overflow_divided_tiny, orc_0_dummy,
          dk_noncrumbling_2, minmay_nine_imps, uniq_erolcha
D:10:     layout_irregular_city, nicolae_vehumet_altar_sigil,
          mainiacjoe_overflow_cross_hatched, serial_shops, shop,
          kennysheep_kite_vault, uniq_urug
D:11:     layout_rooms, lair_entry_dummy, uniq_psyche
D:12:     layout_grid_maze, enter_trove_0
D:13:     layout_gridville, uniq_snorg, uniq_lodul
D:14:     layout_layer_cave, grunt_vaults_entry_fortified, tso_metal_star
D:15:     hangedman_depths_entry_civil_slaughter, layout_small_grid,
          minmay_misc_feat_tiny, chequers_serial_rivers_room_b, uniq_louise
Lair:1:   layout_regular_city, serial_bayou_shore_a
Lair:2:   layout_gridlike, grunt_megastairs_1
Lair:3:   layout_roguey, minmay_swamp_entry_reptiles,
          spider_nest_entry_web_field, enter_volcano_4,
          chequers_serial_rivers_small_a
Lair:4:   layout_roguey, slime_entry_1, infiniplex_staircase_pool
Lair:5:   hellmonk_lair_end_abyssal_woods, layout_gridlike, serial_forest,
          infiniplex_forest_end_2, infiniplex_forest_zigzag_1,
          infiniplex_forest_clump_medium, infiniplex_forest_lined_room_2,
          infiniplex_forest_side_room, infiniplex_forest_straight_4,
          infiniplex_forest_clump_small, uniq_kirke
Swamp:1:  layout_basic_swamp, nicolae_swamp_some_circles, uniq_josephine,
          uniq_roxanne
Swamp:2:  layout_basic_swamp, serial_swamp_ruin, evilmike_swamp_ruin_house_4,
          evilmike_swamp_ruin_house_6, swamp_pool1, beargit_kiku_chapel
Swamp:3:  layout_basic_swamp, nicolae_swamp_triple_paths, uniq_jorgrun
Swamp:4:  swamp_alternative, layout_basic_swamp
Spider:1: layout_spider_delve, uniq_nikola
Spider:2: layout_cave_pods
Spider:3: layout_spider_delve, nicolae_spider_twisty_arc_passages
Spider:4: grunt_spider_rune_circles
Orc:1:    layout_caves, mines3_lemuel, uniq_maurice, uniq_fannar
Orc:2:    st_orc_mages, layout_caves, serial_shops, shop
Vaults:1: v_misc_33, nicolae_vaults_storage_closets_1, v_pattern_2, v_misc_12,
          v_misc_23, nicolae_vaults_specimen_jars,
          ontoclasm_vaults_loading_screen, nicolae_vaults_door_testing_chamber,
          ontoclasm_vaults_twist, layout_vaults_omnigrid, uniq_zenata

Skill      XL: |  1  2  3  4  5  6  7  8  9 10 11 12 13 14 15 16 17 18 19 |
---------------+----------------------------------------------------------+-----
Long Blades    | 3 |  3.0
Armour         | 1 2 5 8 10 12 13 | 13.3
Unarmed Combat | 1 2 3 4 5 7 9 10 | 10.0
Invocations    | 1 2 4 5 7 10 12 14 15 | 15.0
Fighting       | 8 12 13 15 | 15.0
Evocations     | 4 6 10 11 14 16 | 16.9
Axes           | 1 8 13 15 16 | 16.0
Dodging        | 5 |  5.0
Shields        | 5 |  5.0
Spellcasting   | |  2.0
Conjurations   | |  3.0

Action                     |  1- 3 |  4- 6 |  7- 9 | 10-12 | 13-15 | 16-18 | 19-21 || total
---------------------------+-------+-------+-------+-------+-------+-------+-------++-------
  Melee: Falchion          |    29 |       |       |       |       |       |       ||    29
         Punch             |     1 |     2 |    15 |    46 |       |       |       ||    64
         Unarmed           |   164 |   144 |    98 |       |       |       |       ||   406
         Mace              |       |       |   286 |   505 |       |       |       ||   791
         Tailslap          |       |       |    34 |   141 |   220 |   213 |    36 ||   644
         Broad axe         |       |       |       |   325 |  1195 |  1077 |   146 ||  2743
  Throw: Dart              |       |       |       |       |     1 |       |       ||     1
         Boomerang         |       |       |       |       |       |     2 |       ||     2
 Invoke: Banish            |       |       |     1 |    11 |     7 |    10 |     5 ||    34
         Corrupt           |       |       |       |       |     1 |       |       ||     1
         Brand Weapon With |       |       |       |       |     1 |       |       ||     1
         Depart the Abyss  |       |       |       |       |       |       |     1 ||     1
         Enter the Abyss   |       |       |       |       |       |       |     1 ||     1
  Evoke: Wand              |       |       |     3 |       |       |     4 |     5 ||    12
         Lightning rod     |       |       |       |       |       |     2 |       ||     2
         Condenser vane    |       |       |       |       |       |       |     1 ||     1
    Use: Scroll            |       |     5 |    16 |    19 |    11 |     6 |     1 ||    58
         Potion            |       |       |     1 |     1 |     3 |     5 |     3 ||    13
 Armour: Chain mail        |   102 |    70 |   384 |   544 |       |       |       ||  1100
         Pearl dragon scal |       |       |       |    81 |   576 |   643 |   107 ||  1407
  Dodge: Dodged            |    52 |    56 |   371 |   828 |   855 |   694 |   160 ||  3016
  Block: Buckler           |       |       |       |    84 |   205 |   240 |    50 ||   579

Action                     |  1- 3 |  4- 6 |  7- 9 | 10-12 | 13-15 | 16-18 | 19-21 || total
---------------------------+-------+-------+-------+-------+-------+-------+-------++-------
  Melee: Falchion          |    29 |       |       |       |       |       |       ||    29
         Punch             |     1 |     2 |    15 |    46 |       |       |       ||    64
         Unarmed           |   164 |   144 |    98 |       |       |       |       ||   406
         Mace              |       |       |   286 |   505 |       |       |       ||   791
         Tailslap          |       |       |    34 |   141 |   220 |   213 |    36 ||   644
         Broad axe         |       |       |       |   325 |  1195 |  1077 |   146 ||  2743
  Throw: Dart              |       |       |       |       |     1 |       |       ||     1
         Boomerang         |       |       |       |       |       |     2 |       ||     2
 Invoke: Banish            |       |       |     1 |    11 |     7 |    10 |     5 ||    34
         Corrupt           |       |       |       |       |     1 |       |       ||     1
         Brand Weapon With |       |       |       |       |     1 |       |       ||     1
         Depart the Abyss  |       |       |       |       |       |       |     1 ||     1
         Enter the Abyss   |       |       |       |       |       |       |     1 ||     1
  Evoke: Wand              |       |       |     3 |       |       |     4 |     5 ||    12
         Lightning rod     |       |       |       |       |       |     2 |       ||     2
         Condenser vane    |       |       |       |       |       |       |     1 ||     1
    Use: Scroll            |       |     5 |    16 |    19 |    11 |     6 |     1 ||    58
         Potion            |       |       |     1 |     1 |     3 |     5 |     3 ||    13
 Armour: Chain mail        |   102 |    70 |   384 |   544 |       |       |       ||  1100
         Pearl dragon scal |       |       |       |    81 |   576 |   643 |   107 ||  1407
  Dodge: Dodged            |    52 |    56 |   371 |   828 |   855 |   694 |   160 ||  3016
  Block: Buckler           |       |       |       |    84 |   205 |   240 |    50 ||   579

Levels and vault maps discovered:
D:1:      dpeg_arrival_boxorama, layout_basic
D:2:      layout_basic, nicolae_ecumenical_oubliette, uniq_crazy_yiuf_cottage
D:3:      layout_basic, nicolae_overflow_ecumenical_swirl, grunt_qazlal_clouds,
          lemuel_crystal_altar
D:4:      layout_basic, nemelex_spade_bored_becter,
          minmay_temple_entry_mini_moons, kennysheep_small_spiral,
          kennysheep_big_empty_room, minmay_shop_damaged, uniq_ijyb
D:5:      layout_basic, grunt_ashenzari_visionary
          [grunt_ashenzari_visionary_swamp, grunt_ashenzari_visionary_spider],
          tgw_kikubaaqudgha, led_xom_imps, mainiacjoe_overflow_boulevard,
          nicolae_hexahallways, chequers_jeans, minmay_puff
D:6:      lemuel_slime, layout_basic, nicolae_dithmenos_through_a_glass_darkly,
          gammafunk_ghost_stat_death, minmay_misc_feat_x
D:7:      layout_basic, mainiacjoe_overflow_chevrons, enter_bailey_2,
          minmay_misc_feat_rugged, uniq_duvessa
D:8:      layout_loops_cross, fedhas_bush_and_centaur_altar,
          nicolae_wu_jian_immortal_techniques, enter_ossuary_3,
          nrook_mini_backslash, item_on_display_a, uniq_erica,
          uniq_prince_ribbit1
D:9:      layout_roguey, mainiacjoe_overflow_divided_tiny, orc_0_dummy,
          dk_noncrumbling_2, minmay_nine_imps, uniq_erolcha
D:10:     layout_irregular_city, nicolae_vehumet_altar_sigil,
          mainiacjoe_overflow_cross_hatched, serial_shops, shop,
          kennysheep_kite_vault, uniq_urug
D:11:     layout_rooms, lair_entry_dummy, uniq_psyche
D:12:     layout_grid_maze, enter_trove_0
D:13:     layout_gridville, uniq_snorg, uniq_lodul
D:14:     layout_layer_cave, grunt_vaults_entry_fortified, tso_metal_star
D:15:     hangedman_depths_entry_civil_slaughter, layout_small_grid,
          minmay_misc_feat_tiny, chequers_serial_rivers_room_b, uniq_louise
Lair:1:   layout_regular_city, serial_bayou_shore_a
Lair:2:   layout_gridlike, grunt_megastairs_1
Lair:3:   layout_roguey, minmay_swamp_entry_reptiles,
          spider_nest_entry_web_field, enter_volcano_4,
          chequers_serial_rivers_small_a
Lair:4:   layout_roguey, slime_entry_1, infiniplex_staircase_pool
Lair:5:   hellmonk_lair_end_abyssal_woods, layout_gridlike, serial_forest,
          infiniplex_forest_end_2, infiniplex_forest_zigzag_1,
          infiniplex_forest_clump_medium, infiniplex_forest_lined_room_2,
          infiniplex_forest_side_room, infiniplex_forest_straight_4,
          infiniplex_forest_clump_small, uniq_kirke
Swamp:1:  layout_basic_swamp, nicolae_swamp_some_circles, uniq_josephine,
          uniq_roxanne
Swamp:2:  layout_basic_swamp, serial_swamp_ruin, evilmike_swamp_ruin_house_4,
          evilmike_swamp_ruin_house_6, swamp_pool1, beargit_kiku_chapel
Swamp:3:  layout_basic_swamp, nicolae_swamp_triple_paths, uniq_jorgrun
Swamp:4:  swamp_alternative, layout_basic_swamp
Spider:1: layout_spider_delve, uniq_nikola
Spider:2: layout_cave_pods
Spider:3: layout_spider_delve, nicolae_spider_twisty_arc_passages
Spider:4: grunt_spider_rune_circles
Orc:1:    layout_caves, mines3_lemuel, uniq_maurice, uniq_fannar
Orc:2:    st_orc_mages, layout_caves, serial_shops, shop
Vaults:1: v_misc_33, nicolae_vaults_storage_closets_1, v_pattern_2, v_misc_12,
          v_misc_23, nicolae_vaults_specimen_jars,
          ontoclasm_vaults_loading_screen, nicolae_vaults_door_testing_chamber,
          ontoclasm_vaults_twist, layout_vaults_omnigrid, uniq_zenata
